 Dungeon Crawl Stone Soup version 0.28-a0-1524-ge72afd5fc6 (webtiles) character file.

Game seed: 10808378712353646547

16 psuckher the Sneak (level 2, -1/25 HPs)
             Began as a Barachi Delver on Jan 17, 2022.
             Frozen to death by an endoplasm (5 damage)
             ... on level 4 of the Dungeon.
             The game lasted 00:01:20 (166 turns).

psuckher the Sneak (Barachi Delver)                  Turns: 166, Time: 00:01:21

Health: -1/25      AC:  8    Str: 13    XL:     2   Next: 58%
Magic:  2/2        EV:  6    Int: 10    God:
Gold:   18         SH:  0    Dex: 13    Spells: 1/1 levels left

rFire   . . .      SeeInvis .   a - +0 falchion
rCold   . . .      Faith    .   (no shield)
rNeg    . . .      Spirit   .   e - +0 chain mail
rPois   .          Reflect  .   (no helmet)
rElec   .          Harm     .   (no cloak)
rCorr   .          Rampage  .   (no gloves)
Will    .....                   (no boots)
Stlth   ..........              (no amulet)
HPRegen 0.08/turn               (no ring)
MPRegen 0.08/turn               (no ring)

@: slow
A: amphibious, slowness 1, strong legs 1, +LOS
a: Hop


You were on level 4 of the Dungeon.
You visited 1 branch of the dungeon, and saw 2 of its levels.

You collected 18 gold pieces.

Inventory:

Hand Weapons
 a - a +0 falchion (weapon)
Armour
 b - a +0 leather armour
 e - a +0 chain mail (worn)
Wands
 g - a wand of digging (3)
Scrolls
 c - a scroll of fog
 d - a scroll of magic mapping
Potions
 f - a potion of haste


   Skills:
 + Level 3.7 Fighting
 + Level 2.4 Long Blades
 + Level 0.2 Armour
 + Level 2.2 Dodging
 + Level 5.0 Stealth


You had one spell level left.
You didn't know any spells.
Your spell library contained the following spells:

 Spells                   Type           Power      Damage    Failure   Level
 Freeze                   Ice            0%         1d3       100%        1
 Frozen Ramparts          Ice            0%         1d2       100%        3
 Hailstorm                Conj/Ice       0%         3d3       100%        4


Dungeon Overview and Level Annotations

Branches:
Dungeon (5/15)
 Temple: D:4-7

Altars:


Innate Abilities, Weirdness & Mutations

You are amphibious.
You cover ground slowly.
You can hop short distances.
You have an extended range of vision and can be seen from far away.


Message History

As you read the scroll labelled ZEALUADWOSSUL, it crumbles to dust.
It is a scroll of identify.
You don't have any unidentified items.
Unknown command.
You open the door.
There is an open door here.
You open the door.
There is an open door here.
You open the door.
Found a chain mail.
There is an open door here.
You see here a +0 chain mail.
e - a +0 chain mail You start removing your armour.
You continue taking off your +0 leather armour. x4
You finish taking off your +0 leather armour.
You start putting on your armour.
You continue putting on your +0 chain mail. x5
You finish putting on your +0 chain mail.
You open the door.
There is an open door here.
Found a ring mail.
A kobold and an endoplasm come into view.
The kobold shouts!
You barely miss the kobold. The kobold barely misses you.
You hit the kobold.
The kobold is moderately wounded.
The kobold hits you but does no damage. The endoplasm freezes you.
You are frozen.
* * * LOW HITPOINT WARNING * * *
You hit the kobold.
You kill the kobold!
The endoplasm hits you.
* * * LOW HITPOINT WARNING * * *
Unknown command.
You completely miss the endoplasm. The endoplasm freezes you.
You are frozen.
You die...

.[.............J.
..............K..
#.....# ####..........
#.....# #..#..........
#.....# +..#.........
#.....# #..+.........
#.....#####..#.......
####..)..##..##....#####
#..J@.'....#....#....
#.....#....#....#....
#.....#....'....#....
#######....#....#....
#....#....#..##
######....#..##
#....'..#. #....#..#.
#....##'##


You could see an endoplasm.

Vanquished Creatures
  A hound skeleton (D:4)
  A dart slug (D:4)
  2 kobolds (D:4)
4 creatures vanquished.

Notes
Turn   | Place    | Note
-------+----------+-------------------------------------------
     0 | D:5      | psuckher the Barachi Delver began the quest for the Orb.
     0 | D:5      | Reached XP level 1. HP: 18/18 MP: 1/1
     5 | D:5      | Noticed a yak
     6 | D:5      | Noticed a yak
    66 | D:4      | Reached skill level 5 in Stealth
    66 | D:4      | Reached XP level 2. HP: 10/25 MP: 2/2
   166 | D:4      | Frozen to death by an endoplasm

Illustrated notes

Levels and vault maps discovered:
D:4:      layout_gridville
D:5:      layout_rooms

Skill      XL: |  1 |
---------------+----+-----
Stealth        | 5 |  5.0
Fighting       | |  3.7
Long Blades    | |  2.4
Armour         | |  0.2
Dodging        | |  2.2

Action                   || total
-------------------------++-------
Melee: Falchion          ||    18
  Use: Scroll            ||     2
Armor: Leather armour    ||     3
       Chain mail        ||     1
Dodge: Dodged            ||    13

Table legend: (Time is in decaauts)
 A = Elapsed time spent in this place.
 B = Non-inter-level travel time spent in this place.
 C = Inter-level travel time spent in this place.
 D = Time resting spent in this place.
 E = Time spent auto-exploring this place.
 F = Levels seen in this place.
 G = Mean time per level.
                   A        B        C        D        E       F      G
               +--------+--------+--------+--------+--------+-----+--------+
         Total |    193 |    193 |      0 |      0 |      0 |   2 |   96.5 |
       Dungeon |    193 |    193 |      0 |      0 |      0 |   2 |   96.5 |
               +--------+--------+--------+--------+--------+-----+--------+

Top non-repeatable levels by time:
     D:4: 182 daAuts
     D:5: 10 daAuts
